 Dungeon Crawl Stone Soup version 0.29.1-14-g9c671dbff4 (webtiles) character file.

Game seed: 14757264788540455510

491 hawla the Firebug (level 7, -25/51 HPs)
             Began as a Meteoran Fire Elementalist on Feb 14, 2023.
             Killed by an exploding iguana (31 damage)
             ... ignited by their inner flame
             ... on level 6 of the Dungeon.
             The game lasted 00:06:31 (513 turns).

hawla the Firebug (Meteoran Fire Elementalist)       Turns: 513, Time: 00:06:32

Health: -25/51     AC:  7    Str:  9    XL:     7   Next: 64%
Magic:  6/17       EV: 13    Int: 16    God:
Gold:   70         SH:  0    Dex: 14    Spells: 11/18 levels left

rFire   . . .      SeeInvis .   (no weapon)
rCold   . . .      Faith    .   (no shield)
rNeg    . . .      Spirit   .   b - +1 robe {Will+}
rPois   .          Reflect  .   (no helmet)
rElec   .          Harm     .   (no cloak)
rCorr   .          Rampage  .   (no gloves)
Will    .....                   (no boots)
Stlth   +.........              (no amulet)
HPRegen 0.17/turn               (no ring)
MPRegen 0.15/turn               (no ring)

@: weak-willed, very slightly contaminated, glowing
A: sense surroundings 1, otherworldly, glowing, explore regen, iridescent scales
2, dopey 1, weak 1
a: no special abilities


You were on level 6 of the Dungeon.
You visited 1 branch of the dungeon, and saw 4 of its levels.

You collected 70 gold pieces.

Inventory:

Armour
 b - a +1 robe of willpower (worn)
Jewellery
 a - an amulet of guardian spirit
Scrolls
 d - 2 scrolls of vulnerability
 g - a scroll of enchant weapon {unknown}
 h - 2 scrolls of teleportation
 k - a scroll of identify {unknown}


   Skills:
 - Level 0.8 Fighting
 - Level 3.1 Dodging
 - Level 1.4 Stealth
 - Level 6.3 Spellcasting
 + Level 2.8 Conjurations
 - Level 6.5 Fire Magic


You had 11 spell levels left.
You knew the following spells:

 Your Spells              Type           Power      Damage    Failure   Level
a - Foxfire               Conj/Fire      80%        2x1d8     1%          1
b - Scorch                Fire           52%        2d8       1%          2
c - Flame Wave            Conj/Fire      20%        2d7       19%         4

Your spell library contained the following spells:

 Spells                   Type           Power      Damage    Failure   Level
 Conjure Flame            Conj/Fire      20%        6-21      6%          3
 Inner Flame              Hex/Fire       15%        N/A       11%         3
 Gell's Gravitas          Tloc           5%         N/A       36%         3
 Teleport Other           Tloc           5%         N/A       36%         3
 Dispersal                Tloc           2%         N/A       100%        6


Dungeon Overview and Level Annotations

Branches:
Dungeon (3/15) Zot: 1876

Altars:

Shops:
D:6 =


Innate Abilities, Weirdness & Mutations

You passively map a small area around you.
You are easily found by Zot.
You glow in the dark.
You regain HP and MP as you explore.
You are mostly covered in iridescent scales. (AC +4)
You are dopey. (Int -2)
You are weak. (Str -2)


Message History

Your attacks no longer feel as feeble.
The hound bites you but does no damage. The iguana bites you!
* * * LOW HITPOINT WARNING * * *
The iguana attacks as you move away! The iguana bites you!
* * * LOW HITPOINT WARNING * * *
The hound is no longer more vulnerable to fire.
The hound closely misses you. The hound bites you but does no damage.
The hound attacks as you move away! The hound completely misses you.
Found a scroll labelled DUOTIH GUTAOK.
You aren't carrying any potions.
As you read the scroll labelled PATHRE SIKLO, it crumbles to dust.
The creatures around you are filled with an inner flame!
It was a scroll of immolation.
The hound bites you but does no damage. The iguana barely misses you.
The gnoll hits you but does no damage. The hound closely misses you.
As you read the scroll labelled PASOUSANA, it crumbles to dust.
Wisps of shadow whirl around you...
It was a scroll of summoning.
The hound bites you but does no damage. The gnoll hits you but does no damage.
The iguana barely misses you. The gnoll misses you.
The gnoll attacks as you move away! The gnoll barely misses you.
The hound closely misses you.
Your iguana bites the gnoll.
Flame seeps out of the gnoll.
The gnoll is engulfed in blazing flames.
Flame seeps out of the gnoll.
The gnoll hits your iguana with a +0 club.
The hound bites your iguana.
Your scorpion stings the iguana.
Flame seeps out of the iguana.
Your iguana bites the gnoll!
The gnoll explodes!
The fiery explosion engulfs your iguana!!
You kill your iguana!
Your iguana's corpse dissolves into shadows!
The fiery explosion engulfs the hound!!
The fiery explosion engulfs the iguana!
The iguana explodes!
The fiery explosion engulfs the gnoll!!!
The fiery explosion engulfs your scorpion!!
You kill your scorpion!
Your scorpion's corpse dissolves into shadows!
The fiery explosion engulfs you!!
Ouch! That really hurt!
You die...

******** *****
##......## *,,,*
##........## *,,,*
#......?...# *,,,*
#..........#
***,,,**#..........#
,,,,,,,##........<.#
***,*,,.......§§..)#
**,,****##....○§@.##
,,,** #....§§○§..#
*,,,* #.....)§§..#
*,*,* #...)....$.#
*,*,** #..).).....#
*,*,^* #..........#
*,#*,* ##........##
*.#*,*** ##......##
#.#*,,,* ########


There were no monsters in sight!

Vanquished Creatures
  A black bear (D:6)
  A phantom (D:6)
  A bullfrog (D:6)
  A necrophage (D:6)
  A hound (D:6)
  An orc priest (D:6)
  An iguana (D:6)
  An orc wizard (D:6)
  6 gnolls (D:6)
  3 adders
  A worm (D:2)
  2 dart slugs
  9 orcs (D:6)
  An endoplasm (D:1)
  A giant cockroach (D:2)
  A goblin (D:2)
  4 hobgoblins
  3 jackals (D:2)
  A quokka (D:2)
  2 bats
42 creatures vanquished.

Vanquished Creatures (collateral kills)
  A gnoll (D:6)
1 creature vanquished.

Vanquished Creatures (others)
  Jessica (D:2)
  88 foxfires
89 creatures vanquished.

Grand Total: 132 creatures vanquished

Notes
Turn   | Place    | Note
-------+----------+-------------------------------------------
     0 | D:1      | hawla the Meteoran Fire Elementalist began the quest for
                  | the Orb.
     0 | D:1      | Reached XP level 1. HP: 14/14 MP: 5/5
    57 | D:1      | Found a faded altar of an unknown god.
   103 | D:2      | Reached XP level 2. HP: 13/20 MP: 1/7
   113 | D:2      | Learned a level 2 spell: Scorch
   131 | D:2      | Noticed Jessica
   134 | D:2      | Reached XP level 3. HP: 26/26 MP: 0/8
   151 | D:2      | Killed Jessica
   152 | D:2      | Reached XP level 4. HP: 19/33 MP: 10/10
   274 | D:3      | You fall into a shaft and drop 3 floors!
   286 | D:6      | Reached skill level 5 in Fire Magic
   286 | D:6      | Reached XP level 5. HP: 15/38 MP: 2/11
   342 | D:6      | Noticed a necrophage
   354 | D:6      | Killed a necrophage
   355 | D:6      | Reached XP level 6. HP: 31/45 MP: 0/14
   358 | D:6      | Reached skill level 5 in Spellcasting
   382 | D:6      | Found Ustomu's Jewellery Shoppe.
   415 | D:6      | Noticed a black bear
   421 | D:6      | Killed a black bear
   427 | D:6      | Reached XP level 7. HP: 50/50 MP: 6/16
   453 | D:6      | Gained mutation: You are dopey. (Int -2) [potion of
                  | mutation]
   453 | D:6      | Gained mutation: You are partially covered in iridescent
                  | scales. (AC +2) [potion of mutation]
   453 | D:6      | Gained mutation: You are weak. (Str -2) [potion of
                  | mutation]
   453 | D:6      | Gained mutation: You are mostly covered in iridescent
                  | scales. (AC +4) [potion of mutation]
   476 | D:6      | Learned a level 4 spell: Flame Wave
   494 | D:6      | Noticed a steam dragon
   508 | D:6      | HP: 1/51 [iguana (9)]
   513 | D:6      | Killed by an exploding iguana... ignited by their inner
                  | flame

Illustrated notes

Levels and vault maps discovered:
D:1:      lightli_arrival_boilingwater, layout_basic,
          chequers_ecumenical_altar_grove, serial_curves, eino_curves_03,
          eino_curves_04, eino_curves_02, minmay_tromino_v7
D:2:      layout_rooms, uniq_terence, uniq_crazy_yiuf_cottage, uniq_jessica
D:3:      layout_loops_ring, jmf_multi_god_temple2, general_overflow_altar,
          portal_sewer_entry_d, chequers_serial_rivers_large_a
D:6:      layout_rooms, serial_shops, nicolae_stop_n_shop_1

Skill      XL: |  1  2  3  4  5  6  7 |
---------------+----------------------+-----
Spellcasting   | 3 4 5 6 |  6.3
Fire Magic     | 4 5 6 |  6.5
Conjurations   | 2 |  2.8
Dodging        | 3 |  3.1
Fighting       | |  0.8
Stealth        | |  1.4

Action                   |  1- 3 |  4- 6 |  7- 9 || total
-------------------------+-------+-------+-------++-------
Melee: Unarmed           |     5 |     9 |    10 ||    24
       Punch             |       |       |     1 ||     1
 Cast: Foxfire           |    20 |    29 |     7 ||    56
       Scorch            |       |    21 |     6 ||    27
       Flame Wave        |       |       |     1 ||     1
  Use: Potion            |     1 |     1 |     2 ||     4
       Scroll            |       |       |     5 ||     5
Armor: Robe              |     1 |     9 |    27 ||    37
Dodge: Dodged            |     4 |    20 |    37 ||    61
